 Dungeon Crawl Stone Soup version 0.28.0-45-g0d030f2227 (webtiles) character file.

Game seed: 7416014321584401640

9 DuloT34 the Ruffian (level 2, -1/25 HPs)
             Began as a Naga Transmuter on Apr 22, 2022.
             Slain by a quokka (3 damage)
             ... on level 1 of the Dungeon.
             The game lasted 00:00:39 (511 turns).

DuloT34 the Ruffian (Naga Transmuter)                Turns: 511, Time: 00:00:40

Health: -1/25      AC:  1    Str: 12    XL:     2   Next: 12%
Magic:  4/5        EV:  9    Int: 13    God:
Gold:   21         SH:  0    Dex: 11    Spells: 2/5 levels left

rFire   . . .      SeeInvis +     - Unarmed
rCold   . . .      Faith    .   (no shield)
rNeg    . . .      Spirit   .   a - +0 robe
rPois   +          Reflect  .   (no helmet)
rElec   .          Harm     .   (no cloak)
rCorr   .          Rampage  .   (no gloves)
Will    .....                   (no barding)
Stlth   +.........              (no amulet)
HPRegen 0.08/turn               (no ring)
MPRegen 0.09/turn               (no ring)

@: wereblooded, very slow
A: AC +0, large, see invisible, deformed body, poison resistance, slowness 2,
spit poison 1, naga tail 1
a: Spit Poison


You were on level 1 of the Dungeon.
You visited 1 branch of the dungeon, and saw 1 of its levels.

You collected 21 gold pieces.

Inventory:

Armour
 a - a +0 robe (worn)
Scrolls
 b - a scroll of amnesia {unknown}
Potions
 c - a potion of lignification {unknown}
 d - a potion of attraction {unknown}


   Skills:
 - Level 1.0 Fighting
 - Level 1.5 Dodging
 - Level 3.0 Unarmed Combat
 - Level 2.0 Spellcasting
 + Level 2.8 Transmutations


You had 2 spell levels left.
You knew the following spells:

 Your Spells              Type           Power      Damage    Failure   Level
a - Beastly Appendage     Tmut           16%        N/A       9%          1
b - Wereblood             Tmut           8%         N/A       12%         2

Your spell library contained the following spells:

 Spells                   Type           Power      Damage    Failure   Level
 Spider Form              Tmut/Pois      4%         N/A       41%         3
 Ice Form                 Ice/Tmut       4%         N/A       82%         4


Dungeon Overview and Level Annotations

Branches:
Dungeon (1/15)

Altars:


Innate Abilities, Weirdness & Mutations

Your serpentine skin is tough. (AC +0)
You have supernaturally acute eyesight. (SInv)
Armour fits poorly on your strangely shaped body.
Your system is resistant to poisons. (rPois)
You cover ground very slowly.
You can spit poison.
You have a snake-like lower body.


Message History

Casting: Beastly Appendage (safe; 9% risk of failure)
Confirm with . or Enter, or press ? or * to list all spells.
Your blood is infused with primal strength.
Your horns disappear.
The quokka bites you.
You are too injured to fight recklessly!
You barely miss the quokka. Your punch misses the quokka.
The quokka is heavily wounded.
The quokka bites you. The quokka barely misses you.
You closely miss the quokka.
The quokka is moderately wounded.
The quokka closely misses you.
You hit the quokka.
The quokka is heavily wounded.
The quokka bites you.
* * * LOW HITPOINT WARNING * * *
You closely miss the quokka.
The quokka is heavily wounded.
The quokka barely misses you.
You closely miss the quokka. Your punch misses the quokka.
The quokka is heavily wounded.
The quokka closely misses you.
You closely miss the quokka. Your punch misses the quokka.
The quokka is heavily wounded.
The quokka bites you but does no damage.
You closely miss the quokka.
The quokka is moderately wounded.
The quokka bites you.
* * * LOW HITPOINT WARNING * * *
You closely miss the quokka.
The quokka is moderately wounded.
The quokka barely misses you. x2
You hit the quokka.
The quokka is heavily wounded.
The quokka bites you.
* * * LOW HITPOINT WARNING * * *
You hit the quokka.
The quokka is almost dead.
The quokka bites you.
You die...

########## #........#
#........# #........#
#........#
#....r>..#######
#....@...#.....#
#........#.....#######
#........#............
#........#.....###....
#........####.## #....
###.####.####.# #....
##.# #...##.## #....
#..# ###.##..# #.#.#
#####.#######....=#
#....


You could see a quokka.

Vanquished Creatures
  2 ball pythons (D:1)
  2 hobgoblins (D:1)
  A kobold (D:1)
  A frilled lizard (D:1)
  2 rats (D:1)
8 creatures vanquished.

Notes
Turn   | Place    | Note
-------+----------+-------------------------------------------
     0 | D:1      | DuloT34 the Naga Transmuter began the quest for the Orb.
     0 | D:1      | Reached XP level 1. HP: 18/18 MP: 3/3
   218 | D:1      | Reached XP level 2. HP: 21/25 MP: 5/5
   264 | D:1      | Learned a level 2 spell: Wereblood
   510 | D:1      | HP: 1/25 [quokka (1)]
   511 | D:1      | Slain by a quokka

Illustrated notes

Levels and vault maps discovered:
D:1:      amcnicky_arrival_abandoned_market, layout_rooms

Action                   || total
-------------------------++-------
Melee: Unarmed           ||    33
       Headbutt          ||     5
 Cast: Beastly Appendage ||     5
       Wereblood         ||     2
  Use: Scroll            ||     2
Armor: Robe              ||     4
Dodge: Dodged            ||    15
